Map: Golden Wall LE

Players

USANOOB - Winner!

  • Race: Protoss Protoss
  • League: Gold
  • Spawn Location: 5:00

Janpol

  • Race: Protoss Protoss
  • League: Diamond
  • Spawn Location: 7:00

VOD

Have the link to the VOD?

Description

Time

  • Played on: Aug. 11, 2020, 6:01 p.m.
  • Length: 29:19
Show
View Real Time Build Order
Export as new Build Order

USANOOB Protoss - Winner!

Build Orders: Archon Immortal 

Get SALT Encoding   

  12  0:00  Probe  
  13  0:13  Probe  
  14  0:20  Pylon  
  14  0:25  Probe  
  15  0:38  Probe (Chrono Boost)  
  16  0:43  Gateway  
  16  0:49  Probe (Chrono Boost)  
  17  0:50  Assimilator  
  17  0:54  Probe (Chrono Boost)  
  19  1:04  Probe (Chrono Boost)  
  19  1:08  Assimilator  
  19  1:16  Probe (Chrono Boost)  
  19  1:17  Gateway  
  20  1:22  Probe (Chrono Boost)  
  21  1:30  Probe  
  22  1:40  Cybernetics Core  
  22  1:42  Probe  
  22  1:43  Pylon  
  23  2:01  Probe  
  24  2:12  Nexus  
  24  2:16  Sentry  
  24  2:22  Stalker  
  28  2:30  Pylon  
  28  2:35  Pylon  
  28  2:44  Probe  
  29  2:54  Warp Gate  
  29  2:56  Probe, Robotics Facility  
  30  3:05  Forge  
  30  3:06  Sentry  
  30  3:08  Probe  
  33  3:17  Stalker  
  35  3:21  Probe (Chrono Boost)  
  35  3:24  Probe (Chrono Boost)  
  37  3:32  Probe (Chrono Boost)  
  37  3:34  Protoss Ground Weapons Level 1 (Chrono Boost), Probe (Chrono Boost)  
  39  3:37  Probe (Chrono Boost)  
  39  3:39  Probe (Chrono Boost)  
  41  3:47  Probe  
  43  3:51  Probe  
  43  3:57  Immortal  
  43  3:59  Probe  
  43  4:02  Pylon  
  48  4:04  Probe  
  49  4:11  Probe  
  49  4:16  Probe  
  51  4:21  Pylon  
  51  4:23  Probe  
  52  4:24  Gateway  
  52  4:28  Probe  
  53  4:35  Probe  
  53  4:37  Assimilator  
  54  4:40  Probe  
  54  4:41  Assimilator, Twilight Council  
  54  4:42  Sentry  
  54  4:43  Sentry  
  59  4:49  Immortal  
  59  4:50  Probe  
  64  4:53  Probe  
  64  4:57  Pylon  
  65  5:09  Gateway  
  65  5:11  Gateway  
  65  5:14  Charge (Chrono Boost), Gateway  
  65  5:20  Gateway  
  65  5:26  Templar Archives  
  65  5:32  Observer  
  66  5:41  Probe x2  
  68  5:46  Nexus  
  68  5:47  Protoss Ground Weapons Level 2 (Chrono Boost)  
  68  5:49  Pylon  
  68  5:58  Probe  
  68  5:59  Probe  
  68  6:02  Gateway  
  70  6:10  Probe  
  71  6:14  Probe  
  71  6:17  Immortal  
  76  6:21  High Templar  
  76  6:22  High Templar  
  76  6:23  Probe  
  81  6:26  Probe  
  81  6:28  Archon  
  81  6:30  Pylon  
  82  6:35  Probe  
  84  6:40  Probe, Pylon  
  84  6:47  Probe  
  84  6:52  Probe  
  86  6:56  Pylon, Immortal  
  86  6:59  Probe  
  86  7:00  Probe  
  92  7:03  High Templar  
  92  7:04  High Templar  
  92  7:06  Probe (Chrono Boost)  
  97  7:10  Archon  
  97  7:11  Probe (Chrono Boost)  
  97  7:12  Assimilator x2  
  97  7:13  Probe (Chrono Boost)  
  99  7:19  Nexus, Probe (Chrono Boost)  
  99  7:22  Probe (Chrono Boost)  
  101  7:24  High Templar  
  101  7:26  High Templar, Probe x2 (Chrono Boost)  
  101  7:27  Probe (Chrono Boost)  
  108  7:31  Archon  
  108  7:36  Photon Cannon, Probe  
  109  7:38  Photon Cannon  
  109  7:40  Probe x2  
  109  7:41  Shield Battery  
  111  7:45  Immortal  
  111  7:48  Probe  
  116  7:52  Zealot x2  
  116  7:55  Pylon  
  116  7:56  Zealot  
  122  8:01  High Templar  
  122  8:04  Pylon  
  124  8:06  High Templar  
  124  8:10  Pylon  
  124  8:11  Archon  
  124  8:15  Photon Cannon, Protoss Ground Weapons Level 3 (Chrono Boost)  
  124  8:16  Probe  
  124  8:17  Shield Battery, Photon Cannon, Probe  
  126  8:20  Pylon  
  126  8:22  Warp Prism (Chrono Boost)  
  128  8:30  Probe x2  
  128  8:31  Probe x2  
  132  8:41  Photon Cannon  
  132  8:42  Probe  
  132  8:43  Photon Cannon  
  132  8:45  Photon Cannon  
  132  8:47  Shield Battery  
  133  8:48  Assimilator  
  133  8:49  High Templar x2  
  133  8:50  High Templar  
  133  8:51  High Templar  
  133  8:55  Archon x2  
  141  8:58  Photon Cannon  
  141  9:04  Gateway  
  141  9:08  Shield Battery  
  141  9:16  High Templar x2  
  145  9:17  Zealot x2  
  145  9:21  Pylon  
  145  9:22  Archon  
  149  9:26  Pylon  
  149  9:27  Nexus  
  149  9:28  Photon Cannon  
  149  9:30  Shield Battery  
  149  9:32  Gateway x2  
  149  9:35  Dark Shrine  
  149  9:38  Zealot x2  
  152  9:42  Immortal (Chrono Boost)  
  156  9:49  Zealot x6  
  163  9:58  Zealot  
  162  10:01  Probe  
  162  10:02  Probe x3  
  163  10:13  Zealot x7  
  163  10:14  Probe, Zealot  
  178  10:18  Pylon  
  178  10:22  Pylon  
  178  10:23  Blink (Chrono Boost)  
  178  10:32  Archon x4  
  178  10:48  Probe x5  
  159  10:58  Zealot x3  
  159  10:59  Zealot x3  
  159  11:00  Probe  
  159  11:02  Photon Cannon, Pylon  
  171  11:04  Nexus, Pylon  
  171  11:12  Protoss Shields Level 1 (Chrono Boost)  
  171  11:15  Stalker  
  171  11:20  Nexus, Observer (Chrono Boost)  
  170  11:26  Forge  
  170  11:28  Cybernetics Core  
  170  11:32  Cybernetics Core  
  170  11:33  Assimilator  
  170  11:35  Assimilator  
  170  11:36  Assimilator  
  170  11:38  Assimilator  
  170  11:44  Protoss Air Weapons Level 1 (Chrono Boost)  
  170  11:46  Pylon, Stargate  
  170  11:47  Pylon x2  
  170  11:52  Probe x5  
  175  12:04  Photon Cannon, Probe x4  
  175  12:05  Photon Cannon  
  175  12:07  Photon Cannon  
  179  12:09  Photon Cannon  
  179  12:11  Photon Cannon  
  179  12:14  Stargate  
  177  12:17  Protoss Air Armor Level 1 (Chrono Boost)  
  177  12:20  Pylon  
  177  12:23  Pylon  
  177  12:24  Stargate  
  177  12:25  Stargate  
  175  12:30  Stargate  
  175  12:31  Fleet Beacon  
  175  12:34  Stargate x2  
  167  12:38  Stargate  
  150  13:02  Probe  
  147  13:19  Protoss Ground Armor Level 1 (Chrono Boost)  
  147  13:20  Protoss Shields Level 2 (Chrono Boost)  
  147  13:32  Stargate, Fleet Beacon  
  147  13:36  Protoss Air Weapons Level 2 (Chrono Boost)  
  147  13:42  Stargate  
  147  13:45  Stargate  
  147  13:47  Stargate  
  146  13:49  Stargate  
  146  13:50  Stargate  
  146  13:51  Stargate  
  146  13:55  Stargate  
  142  13:58  Photon Cannon  
  142  14:00  Zealot x4  
  142  14:01  Photon Cannon  
  148  14:24  Unknown  
  148  14:30  Pylon  
  180  14:31  Protoss Air Armor Level 2 (Chrono Boost)  
  172  14:43  Photon Cannon  
  172  14:44  Photon Cannon  
  172  14:46  Probe (Chrono Boost), Pylon  
  172  14:47  Assimilator  
  172  14:48  Assimilator  
  173  14:57  Probe (Chrono Boost)  
  173  14:58  Probe (Chrono Boost)  
  156  15:01  Probe x2 (Chrono Boost)  
  156  15:02  Probe x3 (Chrono Boost)  
  156  15:06  Probe x2 (Chrono Boost)  
  158  15:08  Photon Cannon  
  158  15:09  Probe (Chrono Boost)  
  158  15:10  Probe x3 (Chrono Boost)  
  158  15:12  Probe x2  
  158  15:13  Probe  
  163  15:16  Resonating Glaives  
  163  15:20  Probe x2  
  167  15:22  Probe  
  167  15:24  Probe  
  169  15:30  Warp Prism (Chrono Boost)  
  171  15:36  Probe  
  172  15:43  Protoss Shields Level 3 (Chrono Boost)  
  172  15:44  Protoss Ground Armor Level 2 (Chrono Boost)  
  172  15:45  Photon Cannon  
  171  15:57  Probe x7  
  176  16:09  Probe  
  177  16:11  Nexus  
  177  16:18  Stalker x3  
  177  16:19  Stalker  
  177  16:20  Nexus  
  177  16:25  Probe x7  
  185  16:37  Probe x4  
  185  16:39  Observer (Chrono Boost)  
  190  17:02  Robotics Bay  
  190  17:06  Robotics Facility  
  190  17:09  Photon Cannon  
  190  17:11  Protoss Air Weapons Level 3 (Chrono Boost), Protoss Air Armor Level 3 (Chrono Boost), Photon Cannon  
  190  17:13  Photon Cannon  
  190  17:15  Photon Cannon  
  190  17:16  Photon Cannon  
  190  17:19  Photon Cannon  
  190  17:21  Photon Cannon  
  184  17:23  Photon Cannon  
  184  17:26  Photon Cannon  
  184  17:27  Observer, Photon Cannon  
  185  17:31  Shield Battery  
  185  17:34  Zealot x7  
  185  17:35  Zealot x4  
  187  17:39  Pylon  
  187  17:42  Pylon  
  187  17:44  Pylon  
  187  17:46  Pylon  
  187  17:47  Probe  
  187  17:48  Probe x8  
  176  17:59  Probe  
  176  18:00  Probe x4  
  176  18:03  Probe  
  176  18:04  Probe  
  183  18:17  Pylon  
  181  18:21  Pylon  
  181  18:25  Zealot x4  
  181  18:26  Pylon, Zealot x5  
  199  18:30  Pylon  
  199  18:32  Pylon  
  199  18:34  Gravitic Boosters (Chrono Boost)  
  199  18:45  Protoss Ground Armor Level 3 (Chrono Boost)  
  199  18:53  Assimilator  
  199  18:57  Assimilator  
  199  19:08  Nexus  
  197  19:17  Nexus  
  197  19:18  Pylon  
  197  19:24  Gravitic Drive  
  197  19:25  Pylon  
  197  19:29  Zealot x9  
  197  19:30  Zealot x2  
  167  19:40  Carrier x5  
  193  19:47  Assimilator  
  193  19:48  Assimilator  
  193  19:50  Assimilator, Pylon  
  193  19:51  Pylon  
  193  19:52  Assimilator, Pylon x3  
  191  19:58  Stalker  
  191  19:59  Stalker x6  
  177  20:21  Extended Thermal Lance  
  167  20:33  Stalker x4  
  167  20:34  Stalker  
  181  20:35  Carrier  
  181  20:36  Carrier x3  
  195  20:45  Photon Cannon  
  195  20:47  Photon Cannon  
  195  20:51  Photon Cannon  
  195  20:53  Photon Cannon  
  195  20:55  Photon Cannon  
  195  20:58  Photon Cannon  
  195  20:59  Photon Cannon  
  195  21:01  Photon Cannon  
  195  21:02  Photon Cannon  
  191  21:04  Probe  
  191  21:05  Photon Cannon  
  191  21:08  Photon Cannon, Probe  
  193  21:12  Photon Cannon  
  193  21:15  Photon Cannon  
  193  21:16  Probe  
  194  21:20  Photon Cannon, Probe  
  194  21:23  Photon Cannon  
  195  21:26  Photon Cannon  
  195  21:28  Probe  
  195  21:30  Photon Cannon  
  197  21:32  Probe  
  197  21:33  Photon Cannon  
  197  21:36  Photon Cannon  
  197  21:37  Photon Cannon  
  197  21:38  Photon Cannon  
  197  21:40  Stalker  
  197  21:41  Photon Cannon  
  197  21:42  Photon Cannon  
  197  21:43  Photon Cannon  
  197  21:45  Shield Battery, Probe  
  197  21:46  Pylon  
  200  21:47  Nexus, Shield Battery x2  
  200  21:48  Pylon  
  200  21:50  Photon Cannon  
  200  21:51  Pylon  
  200  21:52  Photon Cannon  
  190  21:55  Photon Cannon, Stalker x5  
  190  21:56  Stalker x3  
  190  21:58  Photon Cannon  
  190  22:00  Pylon  
  193  22:02  Pylon  
  193  22:05  Photon Cannon x2  
  193  22:06  Stalker x3  
  193  22:07  Pylon  
  193  22:08  Carrier  
  195  22:09  Pylon  
  189  22:17  Stalker x3  
  189  22:18  Pylon  
  185  22:22  Nexus  
  178  22:32  Stalker x2  
  178  22:33  Stalker x7  
  178  22:34  Stalker  
  189  22:48  Pylon  
  189  22:50  Pylon  
  187  22:53  Pylon x2  
  187  22:55  Pylon  
  187  22:56  Pylon  
  187  22:58  Probe, Pylon  
  187  23:00  Probe, Pylon  
  187  23:03  Pylon  
  187  23:05  Pylon  
  189  23:07  Assimilator  
  189  23:08  Assimilator  
  189  23:11  Probe  
  189  23:12  Probe  
  191  23:15  Photon Cannon  
  191  23:17  Photon Cannon  
  191  23:20  Photon Cannon  
  191  23:21  Photon Cannon  
  193  23:28  Stalker x3  
  193  23:30  Pylon  
  193  23:33  Pylon  
  197  23:37  Pylon  
  197  23:40  Pylon  
  197  23:46  Photon Cannon  
  197  23:48  Photon Cannon  
  197  23:50  Photon Cannon  
  195  24:14  Nexus  
  187  24:25  Observer  
  181  24:32  Photon Cannon  
  181  24:34  Photon Cannon  
  181  24:35  Photon Cannon  
  181  24:37  Photon Cannon  
  181  24:39  Pylon  
  181  24:40  Photon Cannon  
  181  24:41  Stalker x6  
  181  24:42  Stalker x3  
  181  24:43  Photon Cannon  
  199  24:45  Photon Cannon  
  199  24:46  Observer  
  199  24:48  Shield Battery  
  199  24:52  Pylon x2  
  195  24:53  Zealot x2  
  190  25:01  Photon Cannon  
  190  25:02  Photon Cannon  
  190  25:04  Photon Cannon  
  190  25:06  Photon Cannon  
  182  25:07  Photon Cannon  
  182  25:10  Photon Cannon  
  182  25:11  Photon Cannon  
  182  25:12  Photon Cannon  
  182  25:13  Photon Cannon  
  177  25:14  Photon Cannon x2  
  177  25:15  Photon Cannon  
  177  25:16  Photon Cannon x2  
  177  25:17  Shield Battery  
  177  25:19  Photon Cannon x2, Stalker x9  
  177  25:20  Shield Battery, Stalker x2  
  197  25:22  Shield Battery  
  197  25:24  Photon Cannon  
  197  25:25  Photon Cannon  
  197  25:26  Pylon  
  197  25:27  Shield Battery x2  
  196  25:29  Pylon  
  196  25:32  Probe  
  197  25:44  Assimilator x2, Probe  
  197  25:46  Pylon  
  197  25:48  Pylon  
  198  25:56  Probe  
  179  26:09  Probe  
  170  26:13  Stalker x2  
  170  26:14  Stalker x9  
  190  26:21  Observer, Probe  
  184  26:35  Photon Cannon  
  184  26:37  Photon Cannon  
  184  26:39  Shield Battery x2  
  184  26:43  Observer, Pylon  
  185  26:47  Shield Battery  
  185  27:01  Pylon  
  185  27:04  Photon Cannon  
  185  27:05  Photon Cannon  
  185  27:08  Photon Cannon  
  185  27:09  Photon Cannon  
  185  27:10  Photon Cannon  
  185  27:11  Photon Cannon  
  185  27:14  Shield Battery x2  
  185  27:16  Nexus  
  185  27:18  Pylon  
  185  27:22  Pylon  
  169  27:30  Stalker x4  
  169  27:31  Stalker x5  
  169  27:32  Stalker x2  
  189  28:10  Stalker x2  
  189  28:11  Stalker x3  
  199  28:23  Photon Cannon  
  199  28:25  Photon Cannon  
  199  28:26  Photon Cannon  
  184  28:37  Stalker x6  
  184  28:38  Stalker x2  
  180  29:00  Photon Cannon  
  180  29:02  Photon Cannon  
  180  29:05  Photon Cannon  
  180  29:06  Shield Battery  
  180  29:08  Shield Battery  
Show
View Real Time Build Order
Export as new Build Order

Janpol Protoss 

Build Orders: Zealot Archon 

Get SALT Encoding   

  12  0:00  Probe  
  13  0:12  Probe  
  14  0:18  Pylon  
  14  0:25  Probe (Chrono Boost)  
  15  0:38  Probe (Chrono Boost)  
  15  0:39  Gateway  
  16  0:43  Probe (Chrono Boost)  
  16  0:47  Assimilator  
  17  0:52  Probe  
  17  0:55  Assimilator  
  18  1:04  Probe  
  19  1:12  Gateway  
  19  1:20  Probe  
  20  1:27  Cybernetics Core  
  20  1:32  Probe (Chrono Boost)  
  21  1:35  Pylon  
  21  1:44  Probe (Chrono Boost)  
  22  1:51  Probe (Chrono Boost)  
  23  2:04  Probe  
  24  2:09  Stalker  
  24  2:10  Warp Gate, Sentry  
  28  2:26  Pylon  
  28  2:36  Forge  
  28  2:39  Stalker  
  30  2:44  Stalker  
  30  2:47  Shield Battery  
  31  3:09  Nexus  
  31  3:20  Robotics Facility  
  31  3:24  Probe  
  31  3:27  Sentry  
  34  3:30  Sentry  
  36  3:40  Protoss Ground Weapons Level 1 (Chrono Boost)  
  36  3:42  Probe  
  37  3:54  Probe  
  38  3:57  Pylon  
  38  4:06  Probe  
  39  4:15  Stalker  
  39  4:16  Stalker  
  43  4:18  Probe (Chrono Boost)  
  43  4:22  Shield Battery  
  43  4:23  Probe (Chrono Boost)  
  45  4:28  Observer  
  46  4:36  Twilight Council, Probe (Chrono Boost)  
  47  4:45  Probe x2  
  49  4:56  Observer  
  49  4:57  Probe x2  
  52  5:05  Assimilator  
  52  5:06  Assimilator  
  52  5:09  Probe x2  
  54  5:15  Charge  
  54  5:21  Probe x2  
  56  5:33  Probe  
  56  5:34  Probe  
  58  5:37  Pylon  
  58  5:40  Pylon  
  58  5:44  Templar Archives  
  58  5:46  Probe x2  
  58  5:47  Pylon  
  60  5:59  Probe x2  
  62  6:05  Gateway x2  
  62  6:08  Gateway x2  
  61  6:15  Gateway  
  61  6:20  Gateway  
  61  6:21  Pylon  
  61  6:23  Probe  
  61  6:24  Protoss Ground Weapons Level 2 (Chrono Boost)  
  62  6:30  High Templar x2  
  66  6:34  Archon  
  66  6:44  Warp Prism  
  68  7:12  High Templar  
  68  7:13  High Templar x2  
  74  7:17  Pylon  
  74  7:20  Zealot x5  
  84  7:23  Archon  
  84  7:29  Probe x2  
  86  7:38  Observer  
  86  7:43  Photon Cannon  
  87  7:46  Photon Cannon  
  87  7:49  Shield Battery, Pylon  
  87  7:51  Nexus  
  87  7:53  Pylon  
  87  7:55  High Templar x2  
  91  8:02  Assimilator  
  91  8:10  Probe  
  91  8:11  High Templar, Probe  
  91  8:12  High Templar  
  97  8:13  Zealot x4  
  97  8:18  Pylon  
  105  8:23  Archon  
  105  8:24  Archon  
  105  8:32  Probe x2  
  107  8:39  Shield Battery  
  107  8:41  Shield Battery  
  107  8:43  Photon Cannon  
  107  8:44  Probe x2  
  107  8:48  Protoss Ground Weapons Level 3 (Chrono Boost)  
  109  8:52  Robotics Bay  
  107  8:56  Probe  
  107  9:02  Dark Shrine  
  108  9:10  Probe x2  
  110  9:29  Photon Cannon  
  110  9:32  Photon Cannon  
  110  9:40  Zealot  
  110  9:41  Zealot x5  
  122  9:48  High Templar x2  
  122  9:52  Archon  
  98  10:29  High Templar  
  98  10:30  High Templar x5  
  98  10:31  Zealot x2  
  108  10:36  Archon  
  108  10:37  Archon x2  
  88  10:52  Zealot x2  
  70  11:06  Dark Templar x4  
  67  11:15  Zealot x3  
  67  11:16  Zealot  
  67  11:32  Disruptor  
  67  11:39  Robotics Facility  
  70  11:41  Nexus  
  70  11:45  Pylon, Gravitic Drive  
  70  11:48  Pylon  
  70  11:52  Pylon  
  70  12:05  Stalker  
  70  12:06  Stalker  
  74  12:11  Disruptor  
  76  12:35  Zealot  
  76  12:36  Zealot x3  
  71  12:46  Disruptor  
  71  12:49  Zealot x3  
  68  13:04  Probe x3  
  71  13:22  Disruptor  
  71  13:25  High Templar  
  71  13:26  High Templar x2  
  80  13:27  Photon Cannon  
  80  13:29  Photon Cannon  
  80  13:32  Stargate  
  80  13:33  Assimilator, Photon Cannon, Archon  
  80  13:35  Photon Cannon  
  80  13:37  Assimilator  
  80  13:41  Stalker x2  
  84  14:03  High Templar  
  82  14:21  Observer  
  83  14:29  Fleet Beacon  
  83  14:35  Zealot x4  
  83  14:36  Zealot x4  
  83  14:37  Archon  
  99  14:43  Gateway  
  99  14:46  Gateway  
  99  14:48  Pylon x2  
  99  14:51  Protoss Shields Level 1 (Chrono Boost)  
  99  14:53  Probe  
  99  14:54  Probe x2  
  102  15:07  Stargate  
  102  15:08  Probe x2  
  102  15:09  Probe  
  102  15:11  Protoss Air Weapons Level 1 (Chrono Boost)  
  102  15:12  High Templar x2  
  109  15:16  Archon  
  109  15:20  Zealot x6  
  121  15:26  Shield Battery  
  121  15:38  Dark Templar  
  123  15:48  Probe x3  
  126  15:54  Carrier (Chrono Boost)  
  126  16:01  Nexus, Carrier (Chrono Boost)  
  126  16:04  Pylon  
  138  16:05  Pylon  
  138  16:08  Pylon  
  138  16:19  Sentry x2  
  126  16:47  Tempest  
  131  16:56  Tempest  
  128  17:25  Zealot x4  
  128  17:26  Zealot x6  
  144  17:35  Tempest  
  149  17:39  Tempest  
  150  17:53  Dark Templar x2  
  153  18:00  Dark Templar  
  153  18:02  Zealot  
  157  18:18  Tempest  
  160  18:24  Tempest  
  163  19:05  Protoss Air Weapons Level 2 (Chrono Boost)  
  158  19:11  Tempest x2  
  146  19:46  Dark Templar x3  
  135  19:53  Tempest  
  128  20:06  Zealot x7  
  118  20:33  Zealot x7  
  118  20:34  Zealot x3  
  138  20:39  Protoss Shields Level 2  
  136  20:44  Warp Prism  
  128  21:08  Carrier x2  
  140  21:21  Nexus  
  140  21:23  Pylon  
  140  21:26  Probe x3, Pylon  
  140  21:28  Pylon  
  140  21:31  Pylon  
  143  21:34  Pylon  
  143  21:37  Pylon  
  135  21:46  Photon Cannon  
  121  21:47  Photon Cannon  
  121  21:49  Photon Cannon  
  121  21:52  Stalker x6  
  121  21:53  Photon Cannon, Stalker x3  
  125  22:02  Assimilator  
  119  22:13  Assimilator  
  119  22:15  Zealot x5  
  116  22:16  Zealot x2  
  83  22:52  Zealot x6  
  93  23:08  Photon Cannon  
  93  23:10  Photon Cannon  
  92  23:22  Carrier (Chrono Boost)  
  92  23:24  Probe  
  92  23:25  Probe x2  
  101  23:44  Probe  
  102  23:56  Carrier (Chrono Boost)  
  108  24:08  Dark Templar x2  
  108  24:09  Dark Templar  
  108  24:17  Probe  
  108  24:18  Probe x3  
  106  24:30  Probe x2  
  108  24:34  Shield Battery  
  108  24:49  Zealot x5  
  110  25:23  Zealot x6  
  122  25:33  High Templar x4  
  129  25:49  Archon  
  127  25:51  Warp Prism  
  103  26:06  Carrier  
  103  26:08  Dark Templar  
  103  26:27  Observer  
  104  26:35  Nexus  
  104  26:36  Probe x3  
  107  27:01  Stalker x4  
  115  27:09  Probe x3  
  109  27:47  High Templar x3  
  109  27:48  High Templar x4  
  123  27:51  Archon  
  123  27:52  Archon x2  
  121  28:28  Zealot x7  
  121  28:29  Zealot  
  100  28:52  Zealot x8  
  96  29:08  Dark Templar  
  96  29:09  Dark Templar  
Tags
 
Add a new tag
Caveats
  • Supply blocks, unpowered buildings, or Contaminate may cause inaccurate times.
  • Supply counts are checked every 10 seconds.